AoeStats
← Your Mom

Nomad

509176867Analyzed
3v3 RM · 7d ago on Sep 25, 2026· 56m 2s· 6 players
Game mode
Random Map
Map size
210×210
Population
200
Speed
Normal
Resources
Standard
Victory
Conquest
Starting age
Dark Age
Ending age
Imperial Age
RankedLock teamsTeams togetherTeam positionsShared explorationLock speedFull tech treeHidden civsTurbo modeCheats
Victory
Defeat
🇨🇴 Huns · Colombia
810
+14
🇹🇷 Italians · Türkiye
774
+15
🇩🇪 Franks · Germany
742
+16
🇨🇱 Saracens · Chile
783
-16
🇦🇷 Japanese · Argentina
751
-15
🇮🇳 Spanish · India
739
-14
Alaz
13:57 Feudal Age
15:18 Double-Bit Axe
16:34 Fishing Lines
24:08 Castle Age
24:05 Fletching
24:15 Padded Archer Armor
25:17 Thumb Ring
25:32 Bow Saw
25:28 Gillnets
26:10 Gold Mining
26:10 Stone Mining
26:40 Bodkin Arrow
27:00 Leather Archer Armor
28:39 Wheelbarrow
27:49 Town Watch
28:24 Leather Archer Armor
29:53 Hand Cart
35:48 Imperial Age
34:18 Town Patrol
36:34 Ballistics
37:53 Two-Man Saw
37:46 Bracer
38:52 Elite Genoese Crossbowman
42:47 Ring Archer Armor
44:40 Chemistry
49:11 Pirotechnia
Kamehame
4:35 Loom
18:03 Feudal Age
19:32 Fishing Lines
22:12 Castle Age
20:36 Town Watch
29:34 Town Patrol
34:44 Murder Holes
38:17 Imperial Age
37:12 Wheelbarrow
39:40 Conscription
44:45 Ballistics
44:37 Masonry
45:28 Chemistry
50:08 Scale Barding Armor
52:40 Gillnets
Your Mom
4:22 Loom
16:06 Feudal Age
PilotExpert9105
14:19 Feudal Age
18:07 Fletching
19:20 Padded Archer Armor
20:40 Double-Bit Axe
23:46 Loom
27:46 Castle Age
27:51 Crossbowman
28:38 Thumb Ring
28:32 Bodkin Arrow
36:38 Imperial Age
37:11 Arbalester
39:16 Chemistry
40:05 Wheelbarrow
46:41 Elite Skirmisher
47:44 Leather Archer Armor
Nahue
3:28 Loom
13:56 Feudal Age
14:13 Man-at-Arms
17:07 Double-Bit Axe
21:35 Horse Collar
26:11 Castle Age
24:24 Gold Mining
27:12 Stone Mining
27:51 Heavy Plow
29:04 Bow Saw
Kingsglaive9684
15:50 Loom
19:48 Feudal Age
20:29 Fishing Lines
22:36 Gold Mining
23:11 Town Watch
24:12 Horse Collar
24:23 Double-Bit Axe
27:52 Padded Archer Armor
27:43 Fletching
29:45 Stone Mining
33:07 Castle Age
32:59 Wheelbarrow
34:01 Gillnets
35:34 Town Patrol
44:35 Leather Archer Armor
49:34 Husbandry
49:45 Bloodlines
49:40 Bodkin Arrow
Connection lost

Rejoining the realm…

Still unreachable

The connection could not be restored.

Session expired

The server has moved on; the page needs a fresh start.